 Dungeon Crawl Stone Soup version 0.28-a0-8-g6e044cfa68 (webtiles) character file.

Game seed: 159134236897636390

102 sanka the Stinger (level 4, -1/42 HPs)
             Began as an Octopode Transmuter on July 24, 2021.
             Was an Initiate of Ashenzari.
             Succumbed to an orc wizard's poison
             ... on level 3 of the Dungeon.
             The game lasted 00:04:25 (3048 turns).

sanka the Stinger (Octopode Transmuter)             Turns: 3048, Time: 00:04:26

Health: -1/42      AC:  2    Str:  9    XL:     4   Next: 78%
Magic:  2/7        EV: 19    Int: 15    God:    Ashenzari [......]
Gold:   104        SH:  0    Dex: 18    Spells: 1/7 levels left

rFire   . . .      SeeInvis .     - Unarmed
rCold   . . .      Faith    .   (shield currently unavailable)
rNeg    . . .      Spirit   .   (helmet currently unavailable)
rPois   x          Reflect  .   (no amulet)
rElec   .          Harm     .   (no ring)
rCorr   .          Rampage  .   (no ring)
Will    .....                   (no ring)
Stlth   ..........              (no ring)
HPRegen 0.14/turn               (no ring)
MPRegen 0.10/turn               (no ring)
                                (no ring)
                                (no ring)

@: berserking, lethally poisoned (-1 -> -12), spider-form (expiring), very quick
A: venomous fangs, almost no armour, (amphibious), 8 rings, tiny, (camouflage
1), (gelatinous body 1), (nimble swimmer 1), (tentacles)
a: End Transformation, Renounce Religion, Curse Item


You were on level 3 of the Dungeon.
You worshipped Ashenzari.
Ashenzari was noncommittal.
You were a venomous arachnid creature.
You visited 1 branch of the dungeon, and saw 3 of its levels.

You collected 104 gold pieces.


Innate Abilities, Weirdness & Mutations

You are a venomous arachnid creature.
You have poisonous fangs.
You are tiny and dextrous.
Your spellcasting is less reliable in this form.
Your armour is entirely melded.
You are incapable of wielding weapons or throwing items.
You cannot wear most types of armour.
((You are amphibious.))
You can wear up to eight rings at the same time.
((Your skin changes colour to match your surroundings (Stealth+).))
((Your rubbery body absorbs attacks. (AC +1, EV +1)))
((You are camouflaged near water. (Stealth+)))
((You have tentacles for arms and can constrict up to eight enemies at once.))


   Skills:
 - Level 1.0 Fighting
 - Level 2.0 Dodging
 - Level 3.0 Unarmed Combat
 - Level 2.0 Spellcasting
 + Level 3.3 Transmutations
 + Level 3.9 Poison Magic


You had one spell level left.
You knew the following spells:

 Your Spells              Type           Power      Damage    Failure   Level
x - Beastly Appendage     Tmut           22%        N/A       16%         1
y - Wereblood             Tmut           11%        N/A       22%         2
z - Spider Form           Tmut/Pois      6%         N/A       34%         3

Your spell library contained the following spells:

 Spells                   Type           Power      Damage    Failure   Level
 Corona                   Hex            1%         N/A       43%         1
 Ensorcelled Hibernation  Hex/Ice        2%         N/A       54%         2
 Tukima's Dance           Hex            1%         N/A       75%         3
 Ice Form                 Ice/Tmut       6%         N/A       88%         4

Inventory:

Wands
 e - a wand of flame (17)
Scrolls
 a - a scroll of fog
 b - 2 scrolls of immolation {!r}
 d - a scroll of enchant armour
Potions
 c - a potion of magic

Dungeon Overview and Level Annotations

Branches:
Dungeon (3/15)

Altars:
Ashenzari
Dithmenos
Gozag

▒.▒.........▒▒▒▒▒..w▒...▒###▒
▒...............▒..w▒...▒##f▒
▒▒..............▒▒.▒▒...▒#♣≈▒
▒.....†).......▒...▒._.▒.##▒
▒..▒▒▒▒▒▒......▒▒ss▒...▒♣#≈▒
..... ▒......▒sss▒...▒≈.#▒
▒..... ▒......▒▒ss▒...▒♣#≈▒
▒.... ▒.o{...▒.ys▒...▒y##▒
▒...... ▒.os...▒.▒▒▒...▒yy≈▒
▒.▒ ▒†▒▒▒▒▒▒..▒▒...▒Fl#▒ ▒.▒
▒▒.▒▒▒▒▒▒..s▒...▒FP#▒ ▒.▒
▒.......▒▒▒▒▒...▒▒▒▒▒
▒▒▒▒▒▒▒.▒▒ ▒.........▒▒▒..▒▒
.....o...▒ ▒o.........)..▒▒
.........▒▒▒.........▒▒▒▒▒
.....o{..o.....#≈≈...▒
▒▒▒▒▒.......▒.#≈#≈≈..▒


You could see an orc priest and an orc.


Message History

A magic dart appears from out of thin air!
The magic dart hits you.
Your magical contamination has completely faded away.
Something hits you.
You are lethally poisoned!
Your transformation is almost over.
You feel very sick. The orc priest hits you with a +0 club.
* * * LOW HITPOINT WARNING * * *
Something completely misses you.
You barely miss the orc priest.
* * * LOW HITPOINT WARNING * * *
You feel very sick. The orc priest hits you with a +0 club.
* * * LOW HITPOINT WARNING * * *
The orc hits you with a +0 mace.
* * * LOW HITPOINT WARNING * * *
Unknown command.
You barely miss the orc priest.
* * * LOW HITPOINT WARNING * * *
You feel very sick. Something misses you. The orc priest misses you.
The orc completely misses you.
Unknown command.
Really quaff
f - a potion of berserk rage {!q}?
A red film seems to cover your vision as you go berserk!
You feel yourself moving faster!
You feel mighty!
You die...

Action                   |  1- 3 |  4- 6 || total
-------------------------+-------+-------++-------
Melee: Unarmed           |    82 |    65 ||   147
       Tentacles         |    12 |     2 ||    14
       Constrict         |    19 |     6 ||    25
       Kick              |     1 |       ||     1
 Cast: Beastly Appendage |     1 |       ||     1
       Spider Form       |     2 |     5 ||     7
  Use: Potion            |       |     1 ||     1
 Stab: Sleeping          |     5 |     3 ||     8
Armor: Skin              |     1 |     4 ||     5
Dodge: Dodged            |    46 |    52 ||    98

Levels and vault maps discovered:
D:1:      saegor_arrival_simple_b, layout_basic, ebering_ecumenical_altar_mist
D:2:      layout_basic, basic_altar
D:3:      layout_basic, grunt_ashenzari_visionary
          [grunt_ashenzari_visionary_swamp, grunt_ashenzari_visionary_spider],
          mainiacjoe_overflow_catwalk, mainiacjoe_overflow_tiny_flanked

Notes
Turn   | Place    | Note
-------+----------+-------------------------------------------
     0 | D:1      | sanka the Octopode Transmuter began the quest for the Orb.
     0 | D:1      | Reached XP level 1. HP: 13/13 MP: 3/3
    46 | D:1      | Found a faded altar of an unknown god.
   243 | D:1      | Reached skill level 1 in Poison Magic
   506 | D:1      | Reached skill level 2 in Poison Magic
   506 | D:1      | Reached XP level 2. HP: 16/18 MP: 3/5
  1094 | D:1      | Learned a level 2 spell: Wereblood
  1222 | D:2      | Found a broken altar of Ashenzari.
  1308 | D:2      | Became a worshipper of Ashenzari the Shackled
  1348 | D:2      | Reached XP level 3. HP: 22/23 MP: 6/6
  1352 | D:2      | Learned a level 3 spell: Spider Form
  1884 | D:2      | Reached skill level 3 in Poison Magic
  2130 | D:2      | Reached XP level 4. HP: 21/28 MP: 3/7
  2141 | D:2      | Reached skill level 3 in Transmutations
  2904 | D:3      | Found a broken altar of Ashenzari.
  2908 | D:3      | Saw a vision of the Swamp and the Spider Nest.
  2908 | D:3      | Noticed a wolf spider
  2908 | D:3      | Noticed a redback
  2908 | D:3      | Noticed a hornet
  2908 | D:3      | Noticed a wolf spider
  2908 | D:3      | Noticed a vampire mosquito
  2908 | D:3      | Noticed a vampire mosquito
  2908 | D:3      | Noticed a vampire mosquito
  2908 | D:3      | Noticed a redback
  2908 | D:3      | Noticed a scorpion
  2908 | D:3      | Noticed a goliath frog
  2908 | D:3      | Noticed a redback
  2908 | D:3      | Noticed a wolf spider
  2908 | D:3      | Noticed a swamp drake
  2910 | D:3      | Noticed a goliath frog
  2911 | D:3      | Noticed a wolf spider
  2911 | D:3      | Noticed a redback
  2923 | D:3      | Found an opulent altar of Gozag.
  2943 | D:3      | Found a shadowy altar of Dithmenos.
  3047 | D:3      | HP: 1/28 [poisoned by an orc wizard]
  3048 | D:3      | Succumbed to an orc wizard's poison

Vanquished Creatures
  3 adders (D:2)
  A worm (D:3)
  4 dart slugs
  6 orcs
  5 endoplasms
  2 giant cockroaches
  4 goblins
  3 hobgoblins (D:2)
  8 jackals
  3 kobolds
  4 quokkas
  3 ball pythons
  2 bats (D:2)
  A frilled lizard (D:2)
  7 rats
56 creatures vanquished.

Vanquished Creatures (others)
  A fungus (D:3)
  A plant (D:3)
2 creatures vanquished.

Grand Total: 58 creatures vanquished
